Selects Australian Defense Battlegroup
Selects Australian Light Infantry Section
Australian Light Infantry Section
Australian Light Infantry Section
Construct Field Infirmary
Selects Defensive Tactics
Australian Light Infantry Section
Selects CMP 15cwt Supply Run
Selects Artillery Trip Wire Flares
Construct Section Command Post
Construct Platoon Command Post
Construct Company Command Post
Selects Archer Tank Destroyer
Unlock M3 Grant Medium Tanks